 Dungeon Crawl Stone Soup version 0.21-a0-440-g28109cb (webtiles) character file.

4154 Gildeon the Cleaver (level 10, -3/83 HPs)
             Began as a Minotaur Fighter on Nov 11, 2017.
             Was a Believer of Trog.
             Slain by a two-headed ogre
             ... wielding a +0 giant spiked club
              (11 damage)
             ... on level 9 of the Dungeon.
             The game lasted 01:14:57 (7633 turns).

Gildeon the Cleaver (Minotaur Fighter)              Turns: 7633, Time: 01:14:58

Health: -3/83      AC: 11    Str: 24    XL:     10   Next: 7%
Magic:  9/9        EV:  7    Int:  5    God:    Trog [**....]
Gold:   302        SH: 10    Dex: 10    Spells: 9/9 levels left

rFire    . . .     SeeInvis .   x - +9 war axe of Fimbulwinter {venom, rElec rC+ rN+}
rCold    + . .     Gourm    .   c - +0 shield
rNeg     + . .     Faith    .   r - +0 chain mail
rPois    .         Spirit   .   (helmet restricted)
rElec    +         Reflect  .   (no cloak)
rCorr    .         Harm     .   K - +0 pair of gloves
MR       .....                  (no boots)
Stlth    ..........             y - amulet of magic regeneration
HPRegen  0.23/turn              p - ring of flight
MPRegen  0.36/turn              (no ring)

@: no status effects
A: retaliatory headbutt, horns 2
a: Berserk, Trog's Hand, Burn Spellbooks, Renounce Religion, Evoke Flight


You were on level 9 of the Dungeon.
You worshipped Trog.
Trog was pleased with you.
You were not hungry.

You visited 2 branches of the dungeon, and saw 10 of its levels.

You collected 302 gold pieces.

Inventory:

Hand Weapons
 x - the +9 war axe of Fimbulwinter (weapon) {venom, rElec rC+ rN+}
   (You found it on level 5 of the Dungeon)

   It poisons the flesh of those it strikes.
   It protects you from cold.
   It insulates you from electricity.
   It protects you from negative energy.
 G - a +0 shortbow
 I - a +3 quarterstaff of chaos
 L - a +0 halberd
Missiles
 b - 6 tomahawks
 e - 11 javelins
 i - 43 poisoned needles (quivered)
 n - 127 bolts
 w - 84 arrows
Armour
 c - a +0 shield (worn)
 r - a +0 chain mail (worn)
 K - a +0 pair of gloves (worn)
Jewellery
 p - a ring of flight (left hand)
 y - an amulet of magic regeneration (around neck)
Wands
 q - a wand of enslavement (16/24)
 E - a wand of random effects (26/48)
Scrolls
 k - a scroll of enchant weapon
 u - 3 scrolls of teleportation
 v - a scroll of identify
 A - 2 scrolls of remove curse
 C - a scroll of noise {unknown}
 D - a scroll of silence {unknown}
 F - a scroll of immolation
Potions
 a - a potion of berserk rage {unknown}
 d - 2 potions of might
 g - a potion of haste
 j - a potion of mutation
 l - a potion of brilliance
 m - a potion of ambrosia
 o - 2 potions of degeneration
 t - 2 potions of flight {unknown}
 z - a potion of curing
 H - a potion of cancellation {unknown}
Books
 s - a book of Minor Magic

   Spells                             Type                      Level
   a - Magic Dart                     Conjuration                  1
   b - Blink                          Translocation                2
   c - Call Imp                       Summoning                    2
   d - Slow                           Hexes                        2
   e - Conjure Flame                  Conjuration/Fire             3
   f - Mephitic Cloud                 Conjuration/Poison/Air       3
   Trog disapproves of the use of such an item.
Comestibles
 f - 2 bread rations
 h - 2 meat rations


   Skills:
 + Level 6.2 Fighting
 * Level 14.2(14.3) Axes
 - Level 2.5(9.8) Polearms
 - Level 6.0 Armour
 + Level 1.5 Dodging
 + Level 6.2 Shields


You had 9 spell levels left.
You didn't know any spells.

Dungeon Overview and Level Annotations

Branches:
Dungeon (9/15)             Temple (1/1) D:4
   Lair: D:8-11         Orc: D:9-12

Altars:
Ashenzari
Cheibriados
Dithmenos
Elyvilon
Fedhas
Gozag
Hepliaklqana
Kikubaaqudgha
Makhleb
Nemelex Xobeh
Okawaru
Qazlal
Ru
Sif Muna
Trog
Vehumet
Wu Jian
Xom
Yredelemnul
Zin
The Shining One

Shops:
D:8 }?

Annotations:
D:8 2 transporters


Innate Abilities, Weirdness & Mutations

You reflexively headbutt those who attack you in melee.
You have a pair of horns on your head.


Message History

* * * LOW HITPOINT WARNING * * *
You hit the two-headed ogre.
Your headbutt misses the two-headed ogre.
The two-headed ogre is heavily wounded.
You completely miss the hound. The hound closely misses you.
You furiously retaliate!
You headbutt the hound!
You kill the hound!
Trog accepts your kill.
The two-headed ogre hits you with a giant spiked club!
* * * LOW HITPOINT WARNING * * *
The two-headed ogre hits you but does no damage.
You hit the two-headed ogre.
The two-headed ogre looks as sick as possible!
You headbutt the two-headed ogre, but do no damage.
The two-headed ogre is severely wounded.
You slash the two-headed ogre!
The two-headed ogre is almost dead.
You block the two-headed ogre's attack.
The two-headed ogre hits you with a giant club!
You die...

..##.###
......#.......#
.....#..._...#
.....#.[.....# .
#...##.....# ..
#<...##...####...
#.....#....##.##......
.......#..........."..#
.......#.......@O.....#
.......#...............
###....#...............
#....#....$..........
#....#...............
#...##########.. #...#
. #...# ####


You could see a two-headed ogre.

Vanquished Creatures
  A two-headed ogre (D:8)
  A hippogriff (D:8)
  Sigmund (D:6)
  Edmund (D:5)
  Duvessa (D:6)
  A water moccasin (D:8)
  5 ogres
  A centaur (D:6)
  A bullfrog (D:6)
  A gnoll sergeant (D:7)
  Dowan (D:6)
  3 scorpions
  20 killer bees
  4 wights (D:7)
  A crimson imp (D:3)
  A jelly (D:7)
  A bullfrog zombie (D:5)
  5 hounds
  7 orc priests
  Crazy Yiuf (D:6)
  5 orc wizards
  An iguana (D:7)
  5 worker ants
  2 hound skeletons
  A mummy (D:4)
  8 gnolls (D:7)
  4 adders
  A river rat (D:4)
  3 adder skeletons
  A worm (D:2)
  A dart slug (D:1)
  5 leopard geckos
  24 orcs
  6 bats
  3 giant cockroaches
  5 goblins
  6 hobgoblins
  4 jackals
  5 kobolds
  A quokka (D:7)
  2 ball pythons (D:4)
  4 frilled lizards
  2 hobgoblin zombies (D:4)
  A jackal zombie (D:7)
  A leopard gecko skeleton (D:4)
  A quokka zombie (D:5)
  9 rats
  A bush (D:6)
  5 fungi
  3 plants (D:4)
178 creatures vanquished.

Vanquished Creatures (others)
  A human (D:2)
1 creature vanquished.

Grand Total: 179 creatures vanquished

Notes
Turn   | Place    | Note
-------+----------+-------------------------------------------
     0 | D:1      | Gildeon the Minotaur Fighter began the quest for the Orb.
     0 | D:1      | Reached XP level 1. HP: 19/19 MP: 0/0
   224 | D:1      | Reached XP level 2. HP: 23/27 MP: 1/1
   299 | D:1      | Reached skill level 3 in Axes
   895 | D:2      | Found an ancient bone altar of Kikubaaqudgha.
   932 | D:2      | Noticed a human
   933 | D:2      | Killed a human
   949 | D:2      | Reached XP level 3. HP: 29/33 MP: 2/2
  1017 | D:2      | Reached skill level 4 in Axes
  1784 | D:3      | Reached skill level 5 in Axes
  1784 | D:3      | Reached XP level 4. HP: 23/40 MP: 3/3
  2318 | D:3      | Reached XP level 5. HP: 42/46 MP: 4/4
  2320 | D:3      | Reached skill level 6 in Axes
  2576 | D:4      | Reached skill level 1 in Polearms
  2677 | D:4      | Found a staircase to the Ecumenical Temple.
  2687 | Temple   | Entered the Ecumenical Temple
  2839 | Temple   | Became a worshipper of Trog the Wrathful
  2900 | D:4      | Found a blossoming altar of Fedhas.
  3095 | D:4      | Reached XP level 6. HP: 15/52 MP: 5/5
  3099 | D:4      | Reached skill level 7 in Axes
  4517 | D:5      | Entered Level 5 of the Dungeon
  4570 | D:5      | Reached skill level 8 in Axes
  4606 | D:5      | Found an opulent altar of Gozag.
  4623 | D:5      | Reached XP level 7. HP: 51/58 MP: 6/6
  4827 | D:5      | Noticed Edmund
  4843 | D:5      | Killed Edmund
  4843 | D:5      | Reached skill level 9 in Axes
  5034 | D:5      | Got a bone war axe
  5035 | D:5      | Identified the +9 war axe of Fimbulwinter {venom, rElec rC+ rN+} (You found it on level 5 of the Dungeon)
  5367 | D:6      | Reached skill level 10 in Axes
  5559 | D:6      | Noticed Duvessa
  5560 | D:6      | Noticed Dowan
  5565 | D:6      | Killed Duvessa
  5565 | D:6      | Reached XP level 8. HP: 53/66 MP: 7/7
  5571 | D:6      | Killed Dowan
  5695 | D:6      | Noticed Sigmund
  5706 | D:6      | Killed Sigmund
  5707 | D:6      | Reached skill level 11 in Axes
  5857 | D:6      | Found a runed door.
  6250 | D:6      | Noticed Crazy Yiuf
  6253 | D:6      | Killed Crazy Yiuf
  6311 | D:7      | Reached * piety under Trog
  6311 | D:7      | Reached skill level 1 in Dodging
  6336 | D:7      | Reached skill level 12 in Axes
  6362 | D:7      | Reached skill level 5 in Armour
  6644 | D:7      | Reached XP level 9. HP: 68/73 MP: 8/8
  6675 | D:7      | Reached skill level 5 in Fighting
  6723 | D:7      | Reached ** piety under Trog
  6730 | D:7      | Reached skill level 5 in Shields
  7187 | D:8      | Found a glowing golden altar of the Shining One.
  7187 | D:8      | Found a burning altar of Makhleb.
  7189 | D:8      | Reached skill level 13 in Axes
  7190 | D:8      | Noticed a cyclops
  7191 | D:8      | Noticed a centaur warrior
  7195 | D:8      | Found a white marble altar of Elyvilon.
  7198 | D:8      | Found a transporter.
  7357 | D:8      | Found a transporter.
  7358 | D:8      | Found Xidghori's Magic Scroll Emporium.
  7370 | D:8      | Noticed a two-headed ogre
  7378 | D:8      | Killed a two-headed ogre
  7378 | D:8      | Reached skill level 14 in Axes
  7378 | D:8      | Reached XP level 10. HP: 33/83 MP: 9/9
  7612 | D:8      | Found Defud's Gadget Boutique.
  7623 | D:9      | Noticed a two-headed ogre
  7624 | D:9      | Found a shattered altar of Ashenzari.
  7633 | D:9      | Slain by a two-headed ogre

Vault maps used:
D:1:      lemuel_arrival_broad_hall
D:2:      tgw_kikubaaqudgha
D:3:      first_bread
D:4:      minmay_temple_entry_statues_pillars, nicolae_ossuary_entry_giza,
          portal_sewer_entry_b, fedhas_altar_3
D:5:      kennysheep_little_box, uniq_edmund
D:6:      st_stairs_9, uniq_sigmund, uniq_duvessa, uniq_crazy_yiuf_cottage
D:8:      gammafunk_temple_overflow_arena, serial_curves, eino_curves_01,
          eino_curves_03, serial_shops, shop, shop, shop, shop,
          nicolae_shop_competitors_out_of_business, uniq_erica, uniq_joseph
D:9:      cheibrodos_helix_gallery, eat_drink_and_be_merry_uskayaw,
          lemuel_round_altar, nemelex_spade_bored_becter
Temple:   compressed_dpeg_circular_temple

Skill      XL: |  1  2  3  4  5  6  7  8  9 |
---------------+----------------------------+-----
Axes           | 3 5 6 8 10 12 14 | 14.2
Polearms       | 2 |  2.5
Armour         | 4 5 6 |  6.0
Shields        | 4 6 |  6.2
Fighting       | 4 6 |  6.2
Dodging        | 1 |  1.5

Action                   |  1- 3 |  4- 6 |  7- 9 | 10-12 || total
-------------------------+-------+-------+-------+-------++-------
Melee: War axe           |    94 |   162 |   167 |     7 ||   430
       Headbutt          |     9 |    36 |    28 |     3 ||    76
       Trident           |       |    16 |       |       ||    16
Throw: Javelin           |     4 |       |       |       ||     4
  Use: Scroll            |     8 |     3 |     3 |       ||    14
       Potion            |     1 |     1 |     4 |       ||     6
  Eat: Chunk             |     2 |     5 |     4 |     1 ||    12
       Bread ration      |     1 |       |     1 |       ||     2
       Fruit             |       |     1 |       |       ||     1
Armor: Scale mail        |    63 |    34 |       |       ||    97
       Chain mail        |       |    12 |    75 |     1 ||    88
Dodge: Dodged            |    30 |    40 |    40 |     2 ||   112
Block: Shield            |    45 |    63 |   108 |     5 ||   221

Table legend:
 A = Spawn XP
 B = Non-spawn XP
 C = Spawn XP percentage of total XP
 D = Spawn monster count
 E = Non-spawn monster count
 F = Spawn count percentage of total count
 G = Total turns spent on level
                    A         B        C        D         E        F      G
               +---------+---------+-------+---------+---------+-------+---------
         Total |       0 |    5935 |   0.0 |       0 |     169 |   0.0 |  7633
               +---------+---------+-------+---------+---------+-------+---------
           D:1 |       0 |      36 |   0.0 |       0 |      20 |   0.0 |   906
           D:2 |       0 |      28 |   0.0 |       0 |       8 |   0.0 |   936
           D:3 |       0 |     144 |   0.0 |       0 |      21 |   0.0 |   730
           D:4 |       0 |     384 |   0.0 |       0 |      25 |   0.0 |  1781
           D:5 |       0 |     427 |   0.0 |       0 |      12 |   0.0 |   829
           D:6 |       0 |    1046 |   0.0 |       0 |      20 |   0.0 |   963
           D:7 |       0 |    1831 |   0.0 |       0 |      46 |   0.0 |   878
           D:8 |       0 |    1953 |   0.0 |       0 |      15 |   0.0 |   431
           D:9 |       0 |      86 |   0.0 |       0 |       2 |   0.0 |    15
               +---------+---------+-------+---------+---------+-------+---------
